 Dungeon Crawl Stone Soup version 0.28-a0-653-g7e9dba17c3 (webtiles) character file.

Game seed: 7493578140765465882

4484 siradein the Digger (level 10, -2/69 HPs)
             Began as a Pale Draconian Earth Elementalist on Oct 12, 2021.
             Was a Believer of Kikubaaqudgha.
             Slain by a yak (10 damage)
             ... on level 8 of the Dungeon.
             The game lasted 00:57:09 (11268 turns).

siradein the Digger (DrEE)                         Turns: 11268, Time: 00:57:10

Health: -2/69      AC:  8    Str: 12    XL:     10   Next: 16%
Magic:  12/20      EV: 12    Int: 18    God:    Kikubaaqudgha [**....]
Gold:   325        SH:  0    Dex: 11    Spells: 7/22 levels left

rFire   . . .      SeeInvis +   E - +3 rapier
rCold   . . .      Faith    .   (no shield)
rNeg    . . .      Spirit   .   (armour unavailable)
rPois   .          Reflect  .   (helmet currently unavailable)
rElec   .          Harm     .   B - +0 cloak
rCorr   .          Rampage  .   (no gloves)
Will    .....                   (boots currently unavailable)
Stlth   ++........              (no amulet)
HPRegen 0.21/turn               A - ring of see invisible
MPRegen 0.17/turn               (no ring)

@: appendages, wereblooded
A: horns 2, talons 2, breathe steam, AC +7, unfitting armour, cold-blooded,
steam resistance
a: Breathe Steam, End Transformation, Renounce Religion, Receive Corpses


You were on level 8 of the Dungeon.
You worshipped Kikubaaqudgha.
Kikubaaqudgha was pleased with you.
You had temporarily grown beastly horns and talons.
You visited 2 branches of the dungeon, and saw 9 of its levels.
You also visited: Ossuary.

You collected 415 gold pieces.
You spent 90 gold pieces at shops.

Inventory:

Hand Weapons
 E - a +3 rapier (weapon)
Missiles
 b - 255 stones
 n - 39 poisoned darts
 q - 2 curare-tipped darts
 y - 2 throwing nets
Armour
 l - a +1 pair of boots (melded)
 B - a +0 cloak (worn)
Jewellery
 A - a ring of see invisible (left hand)
Wands
 h - a wand of iceblast (7)
Scrolls
 a - 3 scrolls of fog {unknown}
 d - 4 scrolls of teleportation {unknown}
 f - 3 scrolls of enchant armour
 g - 2 scrolls of noise {unknown}
 k - 2 scrolls of blinking {unknown}
 m - 2 scrolls of magic mapping
 o - a scroll of immolation {unknown}
 s - a scroll of fear {unknown}
 t - 3 scrolls of amnesia
 u - 9 scrolls of identify {unknown}
 v - 3 scrolls of silence {unknown}
Potions
 c - 2 potions of ambrosia {unknown}
 e - 2 potions of heal wounds {unknown}
 i - 2 potions of resistance {unknown}
 j - 3 potions of curing
 p - a potion of haste {unknown}
 r - 4 potions of lignification {unknown}
 x - 2 potions of degeneration {unknown}
 z - 3 potions of might {unknown}
 C - 2 potions of brilliance {unknown}
 D - 2 potions of mutation {unknown}


   Skills:
 - Level 1.7 Dodging
 - Level 1.7 Stealth
 + Level 6.6 Spellcasting
 + Level 5.2 Conjurations
 * Level 6.6 Necromancy
 + Level 7.0 Transmutations
 + Level 7.6 Earth Magic


You had 7 spell levels left.
You knew the following spells:

 Your Spells              Type           Power      Damage    Failure   Level
a - Sandblast             Erth           66%        2d15      1%          1
b - Passwall              Tmut/Erth      26%        N/A       1%          2
c - Stone Arrow           Conj/Erth      58%        3d10      2%          3
d - Beastly Appendage     Tmut           62%        N/A       1%          1
e - Wereblood             Tmut           31%        N/A       1%          2
f - Vampiric Draining     Necr           14%        2d8       2%          3
g - Spider Form           Tmut/Pois      9%         N/A       8%          3

Your spell library contained the following spells:

 Spells                   Type           Power      Damage    Failure   Level
 Animate Skeleton         Necr           58%        N/A       1%          1
 Pain                     Necr           100%       1d9       1%          1
 Sublimation of Blood     Necr           14%        N/A       1%          2
 Petrify                  Tmut/Erth      32%        N/A       5%          4
 Ensorcelled Hibernation  Hex/Ice        10%        N/A       17%         2
 Gell's Gravitas          Tloc           2%         N/A       34%         3
 Lesser Beckoning         Tloc           5%         N/A       34%         3
 Teleport Other           Tloc           5%         N/A       34%         3


Dungeon Overview and Level Annotations

Branches:
Dungeon (8/15)             Temple (1/1) D:5            Lair (0/6) D:8
Ossuary (visited)

Altars:
Ashenzari
Cheibriados
Dithmenos
Elyvilon
Fedhas
Gozag
Hepliaklqana
Kikubaaqudgha
Makhleb
Nemelex Xobeh
Okawaru
Qazlal
Ru
Sif Muna
Trog
Uskayaw
Vehumet
Wu Jian
Yredelemnul
Zin
The Shining One

Shops:
D:3 *   D:8 (


Innate Abilities, Weirdness & Mutations

You have temporarily grown beastly horns and talons.
You can breathe blasts of scalding, opaque steam.
Your pale cyan-grey scales are hard. (AC +7)
You cannot fit into any form of body armour.
You are cold-blooded and may be slowed by cold attacks.
You are immune to the effects of steam.


Message History

The blast of sand misses the vampire mosquito.
b - 257 stones The vampire mosquito closely misses you.
The vampire mosquito misses you.
Casting: Sandblast (safe; 1% risk of failure)
Confirm with . or Enter, or press ? or * to list all spells.
Aiming: Sandblast (safe; 1% risk of failure)
Press: ? - help, Shift-Dir - straight line, f/p - vampire mosquito
Aim: a vampire mosquito (severely damaged, 70% to hit)
The blast of sand misses the vampire mosquito.
The blast of sand hits the yak!
The yak is heavily wounded.
b - 256 stones The vampire mosquito bites you.
* * * LOW HITPOINT WARNING * * *
The vampire mosquito draws strength from your injuries!
The vampire mosquito bites you but does no damage.
Casting: Sandblast (safe; 1% risk of failure)
Confirm with . or Enter, or press ? or * to list all spells.
Aiming: Sandblast (safe; 1% risk of failure)
Press: ? - help, Shift-Dir - straight line, f/p - vampire mosquito
Aim: a vampire mosquito (severely damaged, 70% to hit)
The blast of sand hits the vampire mosquito.
The vampire mosquito is almost destroyed.
b - 255 stones The vampire mosquito barely misses you.
The vampire mosquito bites you but does no damage.
You feel better. The vampire mosquito bites you.
* * * LOW HITPOINT WARNING * * *
The vampire mosquito draws strength from your injuries!
The vampire mosquito bites you.
* * * LOW HITPOINT WARNING * * *
The vampire mosquito draws strength from your injuries!
The yak closely misses you.
You feel better. The vampire mosquito bites you.
* * * LOW HITPOINT WARNING * * *
The vampire mosquito draws strength from your injuries!
The yak gores you!
You die...
Kikubaaqudgha rasps: "You have failed me!
Welcome... death!"

*,,,,,,,,,,,,,**#+≈≈≈≈≈≈..≈.
*,,,,,,,,,,,,,#....≈≈≈≈≈≈...
*,,,,,,,,,,,,,#.....≈≈≈≈..≈≈
*,,,,,,########.....≈≈≈≈≈.≈≈
*,,,,,,#..............≈≈≈.≈≈
*,,,,,,+.............≈≈≈≈.≈≈
*****+###............≈.≈≈≈.≈.
*,,,,........Y.†.......≈≈≈.≈.
*,,,,.......@y..........≈≈.≈.
*,,,,....#########...........
*,,,,.,,,*.......y...........
*,,^,,,,,*..............#....
*,,,,,,,,*...................
*,,,,,,,,*........######.....
**********........#....#.....
*,,,,,,,,........#..###...##
*,,,,,,,,.Y......#........##


You could see a yak and a vampire mosquito.

Vanquished Creatures
  Harold (D:7)
  A troll (D:8)
  A yak (D:8)
  A vampire mosquito (D:8)
  A water moccasin (D:8)
  3 orc warriors
  2 ice beasts
  An ogre (D:5)
  2 sky beasts
  A necrophage (D:4)
  A centaur (D:7)
  3 wolves (D:8)
  2 kobold brigands
  A bullfrog (D:8)
  3 wyvern zombies
  2 gnoll sergeants (D:7)
  2 scorpions
  An electric eel (D:8)
  4 wights (D:7)
  A howler monkey (D:8)
  A bullfrog zombie (D:6)
  2 centaur zombies
  A gnoll shaman (D:6)
  A bullfrog skeleton (D:6)
  A human zombie (Ossuary)
  4 orc priests
  6 hounds
  2 jellies
  3 iguanas
  6 orc wizards
  A killer bee zombie (D:6)
  A hound zombie (Ossuary)
  A hound skeleton (D:4)
  4 mummies (Ossuary)
  A howler monkey zombie (D:6)
  12 gnolls
  A howler monkey skeleton (D:6)
  10 adders
  A white imp (D:5)
  2 adder zombies (Ossuary)
  An adder skeleton (D:5)
  2 worms
  A dart slug (D:2)
  15 orcs
  13 ball pythons
  7 endoplasms
  2 giant cockroaches (D:2)
  2 gnoll zombies (Ossuary)
  9 hobgoblins
  4 jackals (D:1)
  8 quokkas
  3 bats
  5 frilled lizards
  5 goblins
  3 hobgoblin zombies (Ossuary)
  12 kobolds
  An orc zombie (Ossuary)
  6 rats
  4 rat zombies
198 creatures vanquished.

Notes
Turn   | Place    | Note
-------+----------+-------------------------------------------
     0 | D:1      | siradein the Draconian Earth Elementalist began the quest
                  | for the Orb.
     0 | D:1      | Reached XP level 1. HP: 14/14 MP: 3/3
   278 | D:1      | Reached XP level 2. HP: 20/20 MP: 5/5
  1467 | D:2      | Reached XP level 3. HP: 24/26 MP: 6/6
  1491 | D:2      | Found a faded altar of an unknown god.
  1495 | D:2      | Learned a level 2 spell: Passwall
  1499 | D:2      | Learned a level 3 spell: Stone Arrow
  2339 | D:2      | Reached XP level 4. HP: 32/33 MP: 8/8
  3096 | D:3      | Noticed an ice beast
  3171 | D:3      | Killed an ice beast
  3172 | D:3      | Reached XP level 5. HP: 15/38 MP: 1/10
  4078 | D:3      | Found Jaluakhu's General Store.
  4553 | D:4      | Reached XP level 6. HP: 44/45 MP: 11/11
  5612 | D:5      | Entered Level 5 of the Dungeon
  5621 | D:4      | Reached skill level 5 in Earth Magic
  5900 | D:5      | Your scales start taking on a pale cyan-grey colour.
  5900 | D:5      | Reached XP level 7. HP: 44/50 MP: 13/13
  5900 | D:5      | Gained mutation: You are immune to the effects of steam.
                  | [Pale Draconian growth]
  6063 | D:5      | Reached skill level 1 in Conjurations
  6479 | D:5      | Found a broken altar of Ashenzari.
  6480 | D:5      | Found a staircase to the Ecumenical Temple.
  6490 | Temple   | Entered the Ecumenical Temple
  6657 | Temple   | Became a worshipper of Kikubaaqudgha
  6762 | D:5      | Learned a level 1 spell: Beastly Appendage
  6765 | D:5      | Learned a level 2 spell: Wereblood
  6769 | D:5      | Learned a level 3 spell: Spider Form
  6913 | D:5      | Reached skill level 1 in Necromancy
  6913 | D:5      | Reached XP level 8. HP: 33/57 MP: 3/15
  6918 | D:5      | Reached skill level 5 in Spellcasting
  6918 | D:5      | Reached skill level 5 in Transmutations
  7104 | D:5      | Found a white marble altar of Elyvilon.
  7488 | D:6      | Found Zin's Purification Station.
  7595 | D:6      | Found a glowing silver altar of Zin.
  7615 | D:6      | Bought a potion of curing for 90 gold pieces
  8191 | D:6      | Reached * piety under Kikubaaqudgha
  8191 | D:6      | Received a gift from Kikubaaqudgha
  8496 | D:6      | HP: 2/57 [gnoll (3)]
  9201 | D:7      | Reached XP level 9. HP: 50/62 MP: 10/17
  9216 | D:7      | Learned a level 3 spell: Vampiric Draining
  9220 | D:7      | Learned a level 3 spell: Spider Form
  9690 | D:7      | Noticed Harold
  9694 | D:7      | Killed Harold
  9695 | D:7      | Reached skill level 5 in Necromancy
  9905 | D:7      | Found a sacrificial altar of Ru.
  9986 | D:8      | Found Kecvuq's Weapon Emporium.
 10021 | D:8      | Reached ** piety under Kikubaaqudgha
 10062 | D:8      | Noticed a troll
 10121 | D:8      | Found a shimmering blue altar of Sif Muna.
 10129 | D:8      | Found a sand-covered staircase.
 10194 | Ossuary  | Entered an ossuary
 10484 | D:8      | Killed a troll
 10485 | D:8      | Reached skill level 5 in Conjurations
 10686 | D:8      | Reached XP level 10. HP: 64/69 MP: 15/19
 10708 | D:8      | Noticed a two-headed ogre
 11200 | D:8      | Found a staircase to the Lair.
 11259 | D:8      | HP: 2/69 [vampire mosquito (7)]
 11264 | D:8      | HP: 2/69 [vampire mosquito (2)]
 11268 | D:8      | Slain by a yak

Illustrated notes

Levels and vault maps discovered:
D:1:      saegor_arrival_simple_e, layout_loops_ring
D:2:      layout_basic, shapermc_ecumenical_altar_venn
D:3:      layout_basic, serial_shops, shop
D:4:      layout_basic, minivault_24, roderic_lattice_a
D:5:      layout_basic, ashenzari_altar_1, kennysheep_little_box,
          minmay_temple_entry_drinking_statues
D:6:      layout_rooms, zin_purify
D:7:      layout_loops_cross, nicolae_overflow_hidden_temple, uniq_harold
D:8:      layout_gridville, led_sif_pool, erik_lair_island, enter_ossuary_4,
          serial_shops, nicolae_shop_behind_doors, minmay_fractal_squares_5
Temple:   regret_index_temple_sphere_string

Skill      XL: |  1  2  3  4  5  6  7  8  9 10 |
---------------+-------------------------------+-----
Transmutations | 2 3 4 5 6 7 |  7.0
Spellcasting   | 3 4 5 6 |  6.6
Earth Magic    | 4 5 6 7 |  7.6
Conjurations   | 2 3 5 |  5.2
Necromancy     | 1 3 6 |  6.6
Dodging        | |  1.7
Stealth        | |  1.7

Action                   |  1- 3 |  4- 6 |  7- 9 | 10-12 || total
-------------------------+-------+-------+-------+-------++-------
Melee: Unarmed           |    20 |       |       |       ||    20
       Whip              |    55 |       |       |       ||    55
       Tailslap          |    12 |    22 |    17 |       ||    51
       Dagger            |    75 |   139 |   199 |     6 ||   419
       Quarterstaff      |       |    55 |    34 |       ||    89
       Kick              |       |       |    11 |       ||    11
       Headbutt          |       |       |     3 |       ||     3
       Rapier            |       |       |       |     3 ||     3
 Cast: Sandblast         |    19 |    27 |     9 |     4 ||    59
       Stone Arrow       |       |       |    75 |    12 ||    87
       Beastly Appendage |       |       |     2 |     1 ||     3
       Passwall          |       |       |     2 |     1 ||     3
       Wereblood         |       |       |     1 |     1 ||     2
 Abil: Breathe Steam     |       |       |    37 |     4 ||    41
  Use: Scroll            |       |       |     4 |       ||     4
       Potion            |       |       |       |     3 ||     3
 Stab: Sleeping          |     4 |     6 |     1 |       ||    11
       Distracted        |       |     1 |       |       ||     1
Armor: Skin              |    57 |    75 |   186 |     9 ||   327
Dodge: Dodged            |   128 |   143 |   263 |    16 ||   550

Table legend: (Time is in decaauts)
 A = Elapsed time spent in this place.
 B = Non-inter-level travel time spent in this place.
 C = Inter-level travel time spent in this place.
 D = Time resting spent in this place.
 E = Time spent auto-exploring this place.
 F = Levels seen in this place.
 G = Mean time per level.
                   A        B        C        D        E       F      G
               +--------+--------+--------+--------+--------+-----+--------+
         Total |  11320 |  11181 |    139 |    474 |   8595 |  10 | 1132.0 |
       Dungeon |  10887 |  10765 |    122 |    474 |   8313 |   8 | 1360.9 |
        Temple |    205 |    188 |     17 |      0 |    135 |   1 |  205.0 |
       Ossuary |    226 |    226 |      0 |      0 |    147 |   1 |  226.0 |
               +--------+--------+--------+--------+--------+-----+--------+

Top non-repeatable levels by time:
     D:5: 1635 daAuts
     D:2: 1481 daAuts
     D:3: 1445 daAuts
     D:1: 1428 daAuts
     D:4: 1394 daAuts
     D:6: 1200 daAuts
     D:7: 1195 daAuts
     D:8: 1106 daAuts
 Ossuary: 226 daAuts
  Temple: 205 daAuts
